 Dungeon Crawl Stone Soup version 0.31.0-11-ge490571c62 (webtiles) character file.

Game seed: 1205715475780415473

115751 Destinykillz the Brawler (level 16, -3/161 HPs)
             Began as a Troll Fighter on Feb 4, 2024.
             Was an Initiate of Gozag.
             Slain by a merfolk
             ... wielding a +0 trident
              (4 damage)
             ... while petrified by a catoblepas
             ... on level 3 of the Shoals.
             The game lasted 01:17:35 (23310 turns).

Destinykillz the Brawler (Troll Fighter)           Turns: 23310, Time: 01:17:36

Health: -3/161     AC: 17    Str: 32    XL:     16   Next: 19%
Magic:  15/15      EV:  1    Int:  6    God:    Gozag
Gold:   985        SH:  0    Dex:  6    Spells: 8/15 levels left

rFire   . .          .
                       - Unarmed
rCold   . . .        b - +5 kite shield
rNeg    + + +        a - quicksilver dragon scales
rPois   ∞            L - +2 hat
rElec   +            F - scarf of Submission {repulsion, Regen+ Int+2 Dex-5}
rCorr   .            (gloves unavailable)
SInv    .            (boots unavailable)
Will    ++++.        W - amulet of the acrobat
Stlth   +            k - +4 ring of protection
HPRegen 2.06/turn    H - ring of Enwagia {Wiz rElec rN+ Will++ Stlth+}
MPRegen 0.14/turn

%: repel missiles, acrobat, wizardry (x1)
@: petrified, spiked
A: large, unfitting armour, claws 3, regeneration 1, shaggy fur 1, tough skin 1
a: Renounce Religion, Potion Petition, Call Merchant, Bribe Branch


You were on level 3 of the Shoals.
You worshipped Gozag.
Gozag was pleased with you.
You visited 4 branches of the dungeon, and saw 25 of its levels.
You also visited: Bailey.

You collected 11756 gold pieces.
You spent 1419 gold pieces at shops.
You paid 9352 gold pieces to Gozag.

Inventory:

Hand Weapons
 E - the +7 trident of Somewhere Else {elec, Int+2}
   (You took it off an orc priest on level 9 of the Dungeon)

   Int+2:     It affects your intelligence (+2).
Missiles
 r - 57 poisoned darts
 O - 2 throwing nets
 R - 15 large rocks (quivered)
Armour
 a - quicksilver dragon scales (worn)
 b - a +5 kite shield (worn)
 F - the scarf of Submission (worn) {repulsion, Regen+ Int+2 Dex-5}
   (You acquired it on level 10 of the Dungeon)

   Int+2:     It affects your intelligence (+2).
   Dex-5:     It affects your dexterity (-5).
   Regen+:    It increases your rate of health regeneration.
 L - a +2 hat (worn)
Jewellery
 k - a +4 ring of protection (left claw)
 p - a ring of protection from fire
 B - a ring of see invisible
 D - a +6 ring of strength
 H - the ring of Enwagia (right claw) {Wiz rElec rN+ Will++ Stlth+}
   (You acquired it on level 10 of the Dungeon)

   [ring of wizardry]

   Wiz:       It improves your spell success rate.
   rElec:     It insulates you from electricity.
   rN+:       It protects you from negative energy.
   Will++:    It greatly increases your willpower.
   Stlth+:    It makes you more stealthy.
 Q - a ring of resist corrosion
 W - an amulet of the acrobat (around neck)
Talismans
 o - a talisman of death
 G - a granite talisman
Wands
 h - a wand of mindburst (20)
 n - a wand of light (13)
 v - a wand of polymorph (7)
 y - a wand of flame (5)
 I - a wand of paralysis (8)
 U - a wand of iceblast (7)
Scrolls
 e - 5 scrolls of poison
 g - a scroll of vulnerability
 i - 3 scrolls of blinking
 l - 9 scrolls of revelation
 m - 5 scrolls of fog
 q - 2 scrolls of silence
 s - 3 scrolls of enchant armour
 t - 2 scrolls of fear
 z - 3 scrolls of immolation
 C - 11 scrolls of teleportation
 K - 4 scrolls of amnesia
 M - a scroll of enchant weapon
 N - a scroll of identify
 X - a scroll of torment
Potions
 c - a potion of might
 d - 8 potions of curing
 f - 2 potions of cancellation
 j - 2 potions of attraction
 u - 8 potions of brilliance
 w - 4 potions of berserk rage
 x - 4 potions of lignification
 A - a potion of resistance
 J - 3 potions of heal wounds
 P - a potion of magic
 S - a potion of haste
 T - 2 potions of enlightenment
 V - a potion of mutation


   Skills:
 + Level 10.7 Fighting
 + Level 7.5 Throwing
 + Level 10.6 Dodging
 - Level 10.0 Shields
 * Level 17.0 Unarmed Combat
 - Level 6.5 Translocations
 - Level 4.0 Air Magic
 - Level 4.0 Alchemy
 * Level 2.8 Shapeshifting


You had 8 spell levels left.
You knew the following spells:

 Your Spells              Type           Power      Damage    Failure   Level
a - Blink                 Tloc           14%        N/A       4%          2
b - Teleport Other        Tloc           7%         N/A       9%          3
c - Mercury Vapours       Alch/Air       8%         N/A       13%         2

Your spell library contained the following spells:

 Spells                   Type           Power      Damage    Failure   Level
 Lesser Beckoning         Tloc           14%        N/A       4%          2
 Gell's Gravitas          Tloc           7%         N/A       9%          3
 Momentum Strike          Conj/Tloc      6%         3d8       17%         2
 Sting                    Conj/Alch      8%         1d3       19%         1
 Manifold Assault         Tloc           7%         N/A       28%         4
 Freeze                   Ice            0%         1d3       38%         1
 Necrotise                Necr           0%         1d4       38%         1
 Sandblast                Erth           0%         2d4       38%         1
 Jinxbite                 Hex            0%         N/A       52%         2
 Olgreb's Toxic Radiance  Alch           4%         N/A       61%         4
 Dimensional Bullseye     Hex/Tloc       1%         N/A       71%         4
 Call Canine Familiar     Summ           0%         N/A       75%         3
 Frozen Ramparts          Ice            0%         1d1       75%         3
 Fugue of the Fallen      Necr           0%         N/A       75%         3
 Hailstorm                Conj/Ice       0%         3d5       75%         3
 Inner Flame              Hex/Fire       0%         N/A       75%         3
 Ozocubu's Armour         Ice            0%         N/A       75%         3
 Passwall                 Erth           0%         N/A       75%         3
 Sigil of Binding         Hex            0%         N/A       75%         3
 Stone Arrow              Conj/Erth      0%         3d7       75%         3
 Vampiric Draining        Necr           0%         2d6       75%         3
 Brom's Barrelling Bould  Conj/Erth      0%         2d3       98%         4
 Martyr's Knell           Necr/Summ      0%         N/A       98%         4
 Irradiate                Conj/Alch      1%         3d12      99%         5
 Yara's Violent Unravell  Hex/Alch       1%         3d3       99%         5
 Curse of Agony           Necr           0%         N/A       100%        5
 Metabolic Englaciation   Hex/Ice        0%         N/A       100%        5
 Sculpt Simulacrum        Ice/Alch       1%         N/A       100%        6
 Enfeeble                 Hex            0%         N/A       100%        7
 Ignition                 Fire           0%         3d3       100%        8


Dungeon Overview and Level Annotations

Branches:
Dungeon (15/15)            Temple (0/1) D:5            Lair (5/5) D:11
 Shoals (3/4) Lair:2        Snake (0/4) Lair:2        Slime (0/5) Lair:4
    Orc (2/2) D:11            Elf (0/3) Orc:2        Vaults (0/5) D:13
 Depths (0/4) D:15         Bailey (visited)

Altars:
Ashenzari
Cheibriados
Fedhas
Gozag
Kikubaaqudgha
Nemelex Xobeh
Okawaru
Qazlal
Ru
Vehumet
Wu Jian
Xom
Yredelemnul
Jiyva

Shops:
D:10 *[   Orc:2 [[![   Lair:3 ?[

Portals:
Abyss: Lair:3

Annotations:
D:6 2 transporters, Sabo's ghost, novice GnMo
Lair:3 2 transporters, Vadun's ghost, journeyman MiBe
Shoals:3 Polyphemus


Innate Abilities, Weirdness & Mutations

You are too large for most types of armour.
You have claws for hands.
Your natural rate of healing is unusually fast.
You are covered in fur. (AC +1)
You have tough skin. (AC +1)


Message History

The death yak is engulfed in calcifying dust.
The manticore bites you but does no damage.
The manticore claws you but does no damage.
The manticore claws you!
* * * LOW HITPOINT WARNING * * *
The manticore bites you but does no damage.
The manticore claws you!
* * * LOW HITPOINT WARNING * * *
The manticore claws you but does no damage.
You hear an angry hiss.
You are engulfed in calcifying dust.
The harpy claws you. The harpy claws you but does no damage.
The merfolk avatar chants a haunting song.
You resist with almost no effort.
The dream sheep headbutts you but does no damage.
The merfolk hits you from afar with a +0 glaive.
The snapping turtle bites you from afar!!
* * * LOW HITPOINT WARNING * * *
The manticore bites you but does no damage.
The manticore claws you but does no damage. x2
The manticore bites you!
* * * LOW HITPOINT WARNING * * *
The manticore claws you but does no damage.
The manticore claws you.
* * * LOW HITPOINT WARNING * * *
The merfolk hits you but does no damage.
The death yak is engulfed in calcifying dust. x2
The manticore bites you but does no damage.
The manticore completely misses you. The manticore claws you!
* * * LOW HITPOINT WARNING * * *
The death yak is no longer petrified.
The harpy claws you but does no damage. x2
The harpy claws you.
* * * LOW HITPOINT WARNING * * *
The harpy claws you!
* * * LOW HITPOINT WARNING * * *
The dream sheep headbutts you but does no damage.
Polyphemus the Watchful Shepherd comes into view.
The merfolk hits you from afar with a +0 trident!
You die...
Your body crumbles into a pile of gold.

...[...~~~~≈≈≈≈≈..§....
...#.~~~~≈≈≈≈≈~..§....
......~C~~~$≈≈≈.....m..
≈≈≈≈....~~~~~~~..#§....~
≈≈≈~.....~~m~~.!###....~
~≈≈≈≈≈...##Y~~~.$:.###.$~~≈
~≈≈≈≈≈..# #mmm~..~~...~~~≈≈
.~≈≈≈≈≈Y.###YY~..##....~~≈≈≈
~~.....~~≈≈.YY@HH~.##...H.~≈≈≈≈
~..#.~.~~~~~YHHH~~...~~~~~~≈≈≈≈
~~....~.(~~~~tmH~~~~.~~..~~~≈≈
~~~....~~~~~~~~~~~........~~≈≈
$~~~~~~~~~~~m~~~H~.##...#..~~~≈
~~~~~~~~~~~~~~~~~~## #### ..
~~~~~~~~.~~~~.~~~.## .
~~~≈~~~~.~~~...~~..#
.~~≈~~~......##.~....#


You could see Polyphemus, 2 merfolk avatars, 2 death yaks, a catoblepas, a
snapping turtle, 3 merfolk, 4 manticores, a water nymph, 3 harpies and 4 dream
sheep.

Vanquished Creatures
  Rupert (D:15)
  Frances (D:14)
  Roxanne (Shoals:2)
  A frost giant (D:15)
  The ghost of OlivierBoivin the Toxicologist, an adept MfIE of Hepliaklqana (Orc:2)
  A merfolk impaler (Shoals:3)
  A fire dragon (D:13)
  An ice dragon (D:15)
  3 hydras
  A rakshasa (D:15)
  4 ogre magi (Orc:2)
  6 boulder beetles
  A merfolk avatar (Shoals:2)
  A catoblepas (Lair:5)
  10 two-headed ogres
  3 death yaks (Lair:5)
  3 tengu warriors
  A hell hog (Lair:5)
  3 centaur warriors
  An orc high priest (Orc:2)
  6 skysharks
  5 skeletal warriors (D:15)
  A shadow wraith (D:13)
  4 sea snakes
  Lodul (D:14)
  An arcanist (D:10)
  Pikel (D:7)
  11 ugly things
  4 orc knights
  8 manticores
  11 harpies
  3 orc sorcerers
  A salamander (Lair:2)
  3 cyclopes
  A faun (Shoals:2)
  A meliai (shapeshifter) (D:15)
  21 elephants
  Maurice (Orc:1)
  A water nymph (Shoals:2)
  4 merfolk sirens
  3 kobold blastminers
  6 black mambas
  9 cane toads
  A gargoyle (D:12)
  2 unseen horrors
  3 kobold demonologists
  4 komodo dragons
  A torpor snail (Lair:2)
  3 rime drakes
  Psyche (D:9)
  A yaktaur (D:15)
  A troll (shapeshifter) (D:13)
  The ghost of SuperJoe the Trooper, an amateur MiFi (D:4)
  8 trolls
  A tengu conjurer (D:14)
  13 polar bears
  9 merfolk
  2 wind drakes
  9 blink frogs
  14 dream sheep
  A raiju (Lair:5)
  3 slime creatures
  7 snapping turtles
  3 shadows
  A yak (shapeshifter) (D:14)
  A vampire (D:10)
  42 yaks
  2 water elementals
  An air elemental (D:13)
  A basilisk (shapeshifter) (D:13)
  2 wraiths
  9 wargs
  7 wyverns
  4 basilisks
  A fire elemental (D:13)
  3 vampire mosquitoes
  2 acid dragons
  9 water moccasins
  14 hell hounds
  A black bear (shapeshifter) (D:13)
  16 orc warriors
  11 black bears
  An ice beast (D:4)
  2 sky beasts
  A hornet zombie (D:7)
  11 centaurs
  34 ogres
  A tengu (shapeshifter) (D:14)
  18 wolves
  4 boggarts (Lair:4)
  3 kobold brigands
  7 bullfrogs
  2 gnoll sergeants
  2 ogre simulacra (Orc:2)
  3 scorpions
  An earth elemental (D:13)
  8 wights
  3 orc simulacra (Orc:2)
  4 killer bees (D:10)
  8 howler monkeys
  2 electric eels (Lair:5)
  A crimson imp (D:10)
  3 bombardier beetles
  3 lava snakes (Lair:2)
  A bullfrog zombie (D:7)
  A centaur zombie (D:7)
  11 jellies
  23 orc priests
  A gnoll bouda (D:8)
  3 hounds
  A sleepcap (D:7)
  Natasha (thrice) (D:3)
  4 iguanas
  10 orc wizards
  7 hell rats (Lair:4)
  3 killer bee zombies (D:7)
  A spectral orc (Orc:2)
  2 howler monkey zombies (D:7)
  Robin (D:3)
  20 gnolls
  6 adders
  2 white imps
  8 ufetubi
  A dart slug (D:2)
  53 orcs
  4 ball pythons
  5 endoplasms
  3 giant cockroaches
  16 goblins
  16 hobgoblins
  6 jackals
  17 kobolds
  6 quokkas
  4 bats
  2 frilled lizards (D:1)
  5 rats
  A spectral kobold (D:2)
736 creatures vanquished.

Vanquished Creatures (collateral kills)
  A manticore (D:11)
  6 yaks (D:11)
  2 orc warriors (Bailey)
  A centaur (D:11)
  An orc (Bailey)
11 creatures vanquished.

Vanquished Creatures (others)
  A black bear (Lair:5)
  4 tentacles (Shoals:2)
5 creatures vanquished.

Grand Total: 752 creatures vanquished

Notes
Turn   | Place    | Note
-------+----------+-------------------------------------------
     0 | D:1      | Destinykillz the Troll Fighter began the quest for the Orb.
     0 | D:1      | Reached XP level 1. HP: 22/22 MP: 0/0
    53 | D:1      | Reached XP level 2. HP: 29/29 MP: 1/1
   500 | D:2      | Reached XP level 3. HP: 31/36 MP: 2/2
   553 | D:2      | Reached XP level 4. HP: 44/44 MP: 3/3
   557 | D:2      | Reached skill level 3 in Unarmed Combat
   772 | D:2      | Found a faded altar of an unknown god.
  1389 | D:3      | Noticed Robin
  1424 | D:3      | Reached XP level 5. HP: 52/52 MP: 4/4
  1436 | D:3      | Killed Robin
  1838 | D:3      | Found an opulent altar of Gozag.
  1885 | D:3      | Found an ancient bone altar of Kikubaaqudgha.
  1907 | D:3      | Noticed Natasha
  1932 | D:3      | Killed Natasha
  1971 | D:3      | Noticed Natasha
  1977 | D:3      | Killed Natasha
  2084 | D:3      | Noticed Natasha
  2096 | D:3      | Killed Natasha
  2201 | D:4      | Reached XP level 6. HP: 59/61 MP: 5/5
  2222 | D:4      | Identified the +0 scale mail of Gullua {Slay+5}
  2255 | D:4      | Reached skill level 4 in Unarmed Combat
  2311 | D:4      | Found a runed translucent gate.
  2311 | D:4      | Found an opulent altar of Gozag.
  2311 | D:4      | Found a runed translucent gate.
  2312 | D:4      | Found a runed translucent gate.
  2312 | D:4      | Noticed SuperJoe's ghost (amateur MiFi)
  2314 | D:4      | Noticed an ice beast
  2463 | D:4      | Reached XP level 7. HP: 62/67 MP: 6/6
  2532 | D:4      | Found a shimmering altar of Xom.
  2540 | D:4      | Found a broken altar of Ashenzari.
  2540 | D:4      | Identified the +0 robe of Cloud Cover {rElec Str-4
                  | Archmagi}
  2542 | D:4      | Found an iron altar of Okawaru.
  2542 | D:4      | Found a blossoming altar of Fedhas.
  2545 | D:4      | Found an ornate altar of the Wu Jian Council.
  2546 | D:4      | Found a snail-covered altar of Cheibriados.
  2547 | D:4      | Found a stormy altar of Qazlal.
  2945 | D:4      | Reached skill level 5 in Shields
  2951 | D:4      | Killed SuperJoe's ghost
  2952 | D:4      | Reached skill level 5 in Unarmed Combat
  2978 | D:4      | Became a worshipper of Gozag Ym Sagoz the Greedy
  2991 | D:5      | Entered Level 5 of the Dungeon
  3022 | D:5      | Found a radiant altar of Vehumet.
  3132 | D:5      | Reached XP level 8. HP: 76/78 MP: 7/7
  3156 | D:5      | Found a sparkling altar of Nemelex Xobeh.
  3414 | D:5      | Reached skill level 6 in Unarmed Combat
  3432 | D:5      | Found a staircase to the Ecumenical Temple.
  3620 | D:6      | Found a transporter.
  3622 | D:6      | Found a transporter.
  3768 | D:6      | Reached skill level 7 in Unarmed Combat
  3832 | D:6      | Reached XP level 9. HP: 85/85 MP: 8/8
  4369 | D:6      | Noticed Sabo's ghost (novice GnMo)
  4637 | D:7      | Identified the +2 robe "Feri" {+Inv}
  4645 | D:7      | Noticed Pikel
  4664 | D:7      | Killed Pikel
  4665 | D:7      | Reached skill level 5 in Dodging
  4937 | D:7      | Found a basalt altar of Yredelemnul.
  4964 | D:7      | Reached skill level 5 in Fighting
  4964 | D:7      | Reached skill level 8 in Unarmed Combat
  5731 | D:9      | Noticed a troll
  5740 | D:8      | Killed a troll
  5848 | D:9      | Found a flagged portal.
  5872 | Bailey   | Entered a bailey
  6003 | Bailey   | Noticed an orc knight
  6015 | Bailey   | Reached XP level 10. HP: 31/96 MP: 9/9
  6029 | Bailey   | Killed an orc knight
  6086 | Bailey   | Identified the +0 plate armour of Xom's Approval {rF+}
  6105 | Bailey   | Noticed an orc knight
  6119 | Bailey   | Killed an orc knight
  6120 | Bailey   | Reached skill level 9 in Unarmed Combat
  6375 | D:9      | Identified the +7 trident of Somewhere Else {elec, Int+2}
  6575 | D:9      | Noticed Psyche
  6594 | D:9      | Killed Psyche
  6819 | D:9      | Reached skill level 10 in Unarmed Combat
  7094 | D:10     | Entered Level 10 of the Dungeon
  7206 | D:9      | Reached XP level 11. HP: 60/105 MP: 10/10
  7390 | D:10     | Noticed a boulder beetle
  7411 | D:10     | Killed a boulder beetle
  7576 | D:10     | Reached skill level 10 in Shields
  7725 | D:10     | Noticed an arcanist
  7743 | D:10     | Killed an arcanist
  7917 | D:10     | Reached skill level 11 in Unarmed Combat
  7925 | D:10     | Identified 3 scrolls of acquirement
  7928 | D:10     | Acquired the scarf of Submission {repulsion, Regen+ Int+2
                  | Dex-5}
  7930 | D:10     | Acquired 720 gold pieces
  7932 | D:10     | Acquired the ring of Enwagia {Wiz rElec rN+ Will++ Stlth+}
  7937 | D:10     | Bought a scroll of enchant armour for 75 gold pieces
  7939 | D:10     | Bought a +0 hat for 52 gold pieces
  8255 | D:11     | Found a staircase to the Orcish Mines.
  8543 | D:11     | Found a staircase to the Lair.
  8823 | D:11     | Reached skill level 12 in Unarmed Combat
  9221 | D:12     | Noticed a sixfirhy
  9244 | D:12     | Reached XP level 12. HP: 118/118 MP: 11/11
  9572 | D:12     | Noticed a boulder beetle
  9590 | D:12     | Killed a boulder beetle
 10069 | D:13     | Found a large runed translucent door.
 10069 | D:13     | Found a large runed translucent door.
 10636 | D:13     | Noticed a fire dragon
 10647 | D:13     | Killed a fire dragon
 10648 | D:13     | Reached skill level 13 in Unarmed Combat
 10687 | D:13     | Learned a level 2 spell: Blink
 10707 | D:13     | Found a gate to the Vaults.
 11048 | D:13     | Noticed a centaur warrior
 11064 | D:13     | Killed a centaur warrior
 11066 | D:13     | Reached skill level 1 in Translocations
 11066 | D:13     | Paralysed by an air elemental for 1 turns
 11072 | D:13     | Reached skill level 1 in Throwing
 11141 | D:14     | Noticed Lodul
 11158 | D:14     | Killed Lodul
 11641 | D:14     | Reached XP level 13. HP: 128/128 MP: 12/12
 11846 | D:14     | Noticed Frances
 11871 | D:14     | Killed Frances
 12073 | D:15     | Entered Level 15 of the Dungeon
 12082 | D:15     | Reached skill level 14 in Unarmed Combat
 12459 | D:15     | Found a shimmering altar of Xom.
 12500 | D:15     | Noticed Rupert
 12529 | D:15     | Killed Rupert
 12886 | D:15     | Found a staircase to the Depths.
 12886 | D:15     | Noticed a frost giant
 12892 | D:15     | Killed a frost giant
 13028 | D:15     | Found a sacrificial altar of Ru.
 13121 | Orc:1    | Entered Level 1 of the Orcish Mines
 13268 | Orc:2    | Entered Level 2 of the Orcish Mines
 13268 | Orc:2    | Found a runed translucent gate.
 13268 | Orc:2    | Found a runed translucent gate.
 13268 | Orc:2    | Found a runed translucent gate.
 13271 | Orc:2    | Reached skill level 5 in Translocations
 13468 | Orc:2    | Reached XP level 14. HP: 140/140 MP: 13/13
 13743 | Orc:2    | Noticed OlivierBoivin's ghost (adept MfIE)
 14664 | Orc:2    | Found a staircase to the Elven Halls.
 14799 | Orc:1    | Reached skill level 15 in Unarmed Combat
 14859 | Orc:1    | Noticed Maurice
 14866 | Orc:1    | Killed Maurice
 15165 | Orc:2    | Reached skill level 5 in Throwing
 15271 | Orc:2    | Found Polum's Antique Armour Emporium.
 15271 | Orc:2    | Found Douhaysk's Armour Boutique.
 15272 | Orc:2    | Found Acaiw's Armour Shop.
 15272 | Orc:2    | Found Arhul's Distillery.
 15281 | Orc:2    | Bought 2 potions of might for 96 gold pieces
 15281 | Orc:2    | Bought a potion of curing for 36 gold pieces
 15281 | Orc:2    | Bought a potion of curing for 36 gold pieces
 15281 | Orc:2    | Bought a potion of mutation for 96 gold pieces
 15476 | Orc:2    | Killed OlivierBoivin's ghost
 15700 | Lair:1   | Entered Level 1 of the Lair of Beasts
 16635 | Lair:2   | Found a staircase to the Shoals.
 16715 | Lair:2   | Learned a level 3 spell: Teleport Other
 16960 | Lair:2   | Learned a level 2 spell: Mercury Vapours
 17228 | Lair:2   | Found a staircase to the Snake Pit.
 17614 | Lair:3   | Reached skill level 1 in Alchemy
 17699 | Lair:3   | Reached skill level 1 in Air Magic
 17782 | Lair:3   | Noticed Vadun's ghost (journeyman MiBe)
 17811 | Lair:3   | Found a one-way gate to the infinite horrors of the Abyss.
 17819 | Lair:3   | Acquired 838 gold pieces
 17851 | Lair:3   | Found a transporter.
 17854 | Lair:3   | Found a transporter.
 17938 | Lair:3   | Reached XP level 15. HP: 109/149 MP: 14/14
 18221 | Lair:3   | Found an ornate altar of the Wu Jian Council.
 18527 | Lair:3   | Bought a scroll of fear for 64 gold pieces
 18527 | Lair:3   | Bought a scroll of blinking for 120 gold pieces
 18527 | Lair:3   | Bought a scroll of identify for 32 gold pieces
 18527 | Lair:3   | Bought a scroll of enchant armour for 120 gold pieces
 18527 | Lair:3   | Bought a scroll of identify for 32 gold pieces
 18536 | Lair:3   | Bought quicksilver dragon scales for 660 gold pieces
 18593 | Lair:4   | Reached skill level 10 in Fighting
 18698 | Lair:4   | Reached skill level 16 in Unarmed Combat
 18942 | Lair:4   | Reached skill level 10 in Dodging
 18948 | Lair:4   | Found a staircase to the Slime Pits.
 19031 | Lair:4   | Found a viscous altar of Jiyva.
 19620 | Lair:5   | Entered Level 5 of the Lair of Beasts
 20651 | Lair:4   | HP: 5/149 [eight-headed hydra (12)]
 20651 | Lair:4   | HP: 1/149 [eight-headed hydra (4)]
 21481 | Shoals:1 | Entered Level 1 of the Shoals
 21578 | Shoals:1 | Acquired 576 gold pieces
 22219 | Shoals:2 | Noticed Roxanne
 22242 | Shoals:2 | Killed Roxanne
 22501 | Shoals:2 | Reached skill level 1 in Shapeshifting
 22524 | Shoals:2 | Reached XP level 16. HP: 93/159 MP: 15/15
 22895 | Shoals:2 | Noticed a kraken
 23135 | Shoals:3 | Reached skill level 17 in Unarmed Combat
 23309 | Shoals:3 | HP: 5/161 [manticore (4)]
 23310 | Shoals:3 | HP: 1/161 [harpy (5)]
 23310 | Shoals:3 | Noticed Polyphemus
 23310 | Shoals:3 | Slain by a merfolk

Illustrated notes

Levels and vault maps discovered:
D:1:      ldierk_walled_garden_2, layout_basic, minmay_misc_feat_square
D:2:      layout_basic, dreamdust_ecumenical_altar_drowned_temple
D:3:      layout_loops_cross, kiku_gazebo_garden_becter,
          nicolae_overflow_hidden_temple, serial_park_tiny_2, minmay_pentangle,
          uniq_natasha, uniq_robin
D:4:      layout_loops_ring, minitemple, ebering_ghost_gozag
D:5:      layout_rooms, nemelex_diamond_rough_becter, fiery_altar_vehumet,
          temple_hall, chequers_serial_rivers_micro_c
D:6:      layout_cave_pods, gammafunk_ghost_gnarly_gnolls
D:7:      layout_rooms, nicolae_yredelemnul_corpse_copse, uniq_pikel
D:8:      layout_basic, feat_on_display
D:9:      layout_loops_ring, enter_bailey_3, uniq_psyche
D:10:     minmay_curly_fans, layout_long_grid, lightli_wizard_tower
D:11:     layout_long_grid, minmay_lair_entry_grove, orc_0_dummy,
          kennysheep_generic_room_11
D:12:     layout_irregular_city, hangedman_fish_farm
D:13:     layout_loops_corners, david_vaults_4, roderic_serpentine_path,
          lightli_elemental_guards
D:14:     layout_irregular_city, hangedman_glass_teeth, uniq_frances, uniq_lodul
D:15:     grunt_enter_depths_snipers, layout_loops_ring,
          nicolae_ru_path_of_blood, xom_teletrap_fun, uniq_rupert
Lair:1:   layout_loops_ring
Lair:2:   layout_regular_city, minmay_shoals_entry_beasts,
          nicolae_snake_entry_warm_welcome, lemuel_fruit_tree
Lair:3:   layout_chaotic_city, basic_altar, gammafunk_ghost_abyssal_escape,
          st_stairs_9
Lair:4:   layout_regular_city, nicolae_slime_entry_field_trip,
          kilobyte_rumbling_trees
Lair:5:   hangedman_lair_caniforms_friends, layout_cave_shapes,
          serial_bayou_lagoon_b
Shoals:1: nicolae_shoals_aurelia_aurita, layout_shoals
Shoals:2: layout_shoals, uniq_roxanne
Shoals:3: layout_shoals, uniq_polyphemus
Orc:1:    layout_diamond_mine, basic_altar, nicolae_orc_rich_vein, uniq_maurice
Orc:2:    st_orc_ogre_mass, layout_caves, gammafunk_ghost_necromancy

Skill      XL: |  1  2  3  4  5  6  7  8  9 10 11 12 13 14 15 16 |
---------------+-------------------------------------------------+-----
Shields        | 3 4 5 6 8 9 10 | 10.0
Unarmed Combat | 3 4 5 7 8 10 12 13 14 15 16 17 | 17.0
Dodging        | 3 4 5 6 7 8 9 10 | 10.6
Fighting       | 3 4 5 6 7 8 9 10 | 10.7
Translocations | 2 5 6 |  6.5
Throwing       | 2 4 6 7 |  7.5
Alchemy        | 1 4 |  4.0
Air Magic      | 1 4 |  4.0
Shapeshifting  | 1 2 |  2.8

Action                     |  1- 3 |  4- 6 |  7- 9 | 10-12 | 13-15 | 16-18 || total
---------------------------+-------+-------+-------+-------+-------+-------++-------
  Melee: Unarmed           |    53 |   200 |   321 |   547 |  1408 |    99 ||  2628
         Trident           |       |       |       |       |    27 |       ||    27
  Throw: Dart              |       |       |       |     5 |       |       ||     5
         Large rock        |       |       |       |       |    13 |       ||    13
   Cast: Teleport Other    |       |       |       |       |       |     1 ||     1
 Invoke: Potion Petition   |       |       |       |     4 |     8 |     1 ||    13
         Call Merchant     |       |       |       |     2 |     2 |       ||     4
  Evoke: Wand              |       |       |       |     9 |     7 |       ||    16
         Phial of floods   |       |       |       |       |     1 |       ||     1
    Use: Scroll            |       |     1 |    18 |    19 |    11 |       ||    49
         Potion            |       |       |     2 |     6 |    13 |       ||    21
   Stab: Distracted        |       |       |     1 |     1 |     3 |     1 ||     6
         Sleeping          |       |       |     1 |       |     7 |       ||     8
         Invisible         |       |       |       |       |     3 |       ||     3
 Armour: Robe              |    30 |    97 |   194 |   323 |   417 |       ||  1061
         Quicksilver drago |       |       |       |       |   484 |   189 ||   673
  Dodge: Dodged            |    16 |    63 |   134 |   125 |   466 |    70 ||   874
         Repelled          |       |       |       |     2 |    13 |       ||    15
  Block: Kite shield       |    12 |    67 |   166 |   272 |  1040 |   116 ||  1673
